[ AOE2 MATCH · #465425694 ]
Team RMTurks vs Turks
[ REPLAY ANALYSIS · EXTRACTED FROM THE RECORDED GAME ]
Feudal
11:38
Castle
15:49
Imperial
29:12
| APM avg | 24.0 |
| APM peak | 69 |
| eAPM avg | 15.7 |
| Villagers / military | 109 / 31 |
Focus
⚔️ 15.2% · 🌾 84.8%
Scout Cavalry ×15 · Hand Cannoneer ×12 · Bombard Cannon ×4
Feudal
12:14
Castle
16:21
Imperial
21:27
| APM avg | 62.7 |
| APM peak | 97 |
| eAPM avg | 20.9 |
| Villagers / military | 71 / 39 |
Focus
⚔️ 36.4% · 🌾 63.6%
Hand Cannoneer ×33 · Bombard Cannon ×5 · Monk ×1
Feudal
10:35
Castle
21:11
Imperial
—
| APM avg | 19.4 |
| APM peak | 68 |
| eAPM avg | 9.5 |
| Villagers / military | 43 / 28 |
Focus
⚔️ 18.7% · 🌾 81.3%
Knight ×20 · Spearman ×5 · Battering Ram ×2 · Obuch ×1
Feudal
12:38
Castle
19:32
Imperial
—
| APM avg | 15.0 |
| APM peak | 29 |
| eAPM avg | 10.9 |
| Villagers / military | 82 / 30 |
Focus
⚔️ 23.2% · 🌾 76.8%
Gbeto ×16 · Knight ×6 · Battering Ram ×5 · Spearman ×3
Feudal
12:55
Castle
16:28
Imperial
22:31
| APM avg | 25.5 |
| APM peak | 68 |
| eAPM avg | 13.2 |
| Villagers / military | 43 / 37 |
Focus
⚔️ 22.5% · 🌾 77.5%
Hand Cannoneer ×28 · Bombard Cannon ×6 · Monk ×2 · Battering Ram ×1
Feudal
11:02
Castle
16:50
Imperial
29:17
| APM avg | 28.4 |
| APM peak | 61 |
| eAPM avg | 15.5 |
| Villagers / military | 55 / 8 |
Focus
⚔️ 18.3% · 🌾 81.7%
Scout Cavalry ×5 · Spearman ×3
Match map
Initial resources + every placement click. Lines = walls · curves = elevation contours. ◆ gold · ⬟ stone · ● berries · ✦ relic · ◌ wall gap
Your base· ✓ Closed at 15:49 · 0t walls · 3 gate(s)
The beast's base· ✓ Closed at 16:21 · 12t walls · 4 gate(s)
el_fan_de_wanda's base· ✓ Closed at 21:11 · 0t walls · 2 gate(s)
jhon29's base· ✓ Closed at 19:32 · 0t walls · 2 gate(s)
BUFANDA DE RICOTTA's base· ✓ Closed at 16:28 · 18t walls · 2 gate(s)
whiteglow's base· ✓ Closed at 16:50 · 0t walls · 2 gate(s)
Smoothed initial terrain · ◌ = detected wall gap · hover for details
Inputs per minute
— El_Cacas - - The beast
Build order — El_Cacas
First 150 of 267 actions detected
| 0:02 | Build | House |
| 0:04 | Build | House |
| 0:06 | Create | Villager (Male) |
| 0:06 | Create | Villager (Male) |
| 0:06 | Create | Villager (Male) |
| 0:09 | Create | Villager (Male) |
| 1:31 | Create | Villager (Male) |
| 1:51 | Build | Lumber Camp |
| 1:56 | Create | Villager (Male) |
| 2:25 | Create | Villager (Male) |
| 2:56 | Create | Villager (Male) |
| 2:57 | Create | Villager (Male) |
| 3:40 | Build | House |
| 3:41 | Build | House |
| 3:44 | Create | Villager (Male) |
| 4:17 | Create | Villager (Male) |
| 4:46 | Build | Mill |
| 4:53 | Create | Villager (Male) |
| 4:53 | Create | Villager (Male) |
| 4:54 | Create | Villager (Male) |
| 5:09 | Build | House |
| 5:40 | Create | Villager (Male) |
| 6:20 | Create | Villager (Male) |
| 6:40 | Create | Villager (Male) |
| 7:14 | Create | Villager (Male) |
| 7:18 | Create | Villager (Male) |
| 7:28 | Build | Lumber Camp |
| 7:30 | Create | Villager (Male) |
| 8:18 | Create | Villager (Male) |
| 8:46 | Create | Villager (Male) |
| 8:55 | Research | Loom |
| 9:08 | Build | Mining Camp |
| 9:26 | Research | Feudal Age |
| 9:45 | Build | Mill |
| 9:52 | Build | Farm |
| 9:54 | Build | Farm |
| 9:57 | Build | Farm |
| 9:58 | Build | Farm |
| 10:06 | Build | Farm |
| 11:11 | Create | Villager (Male) |
| 11:12 | Create | Villager (Male) |
| 11:38 | Age | Feudal Age |
| 11:42 | Build | Blacksmith |
| 11:45 | Build | Market |
| 12:25 | Build | Farm |
| 12:38 | Research | Loom |
| 12:42 | Build | Farm |
| 13:10 | Research | Castle Age |
| 13:50 | Create | Villager (Male) |
| 13:56 | Research | Double-Bit Axe |
| 13:58 | Research | Horse Collar |
| 14:05 | Research | Gold Mining |
| 14:09 | Build | House |
| 14:54 | Create | Villager (Male) |
| 15:36 | Build | Barracks |
| 15:49 | Age | Castle Age |
| 16:12 | Build | Town Center |
| 16:33 | Build | Town Center |
| 16:34 | Create | Villager (Male) |
| 16:39 | Build | House |
| 16:43 | Create | Villager (Male) |
| 17:18 | Create | Villager (Male) |
| 17:18 | Research | Wheelbarrow |
| 17:24 | Build | Farm |
| 17:33 | Build | Farm |
| 17:33 | Build | Farm |
| 17:34 | Build | Farm |
| 17:39 | Create | Villager (Male) |
| 17:57 | Create | Villager (Male) |
| 18:03 | Create | Villager (Male) |
| 18:10 | Build | Farm |
| 18:12 | Create | Villager (Male) |
| 18:17 | Create | Villager (Male) |
| 18:17 | Create | Villager (Male) |
| 18:18 | Create | Villager (Male) |
| 18:22 | Build | House |
| 18:23 | Build | House |
| 18:25 | Create | Villager (Male) |
| 18:34 | Create | Villager (Male) |
| 18:39 | Research | Bow Saw |
| 18:51 | Create | Villager (Male) |
| 19:07 | Create | Villager (Male) |
| 19:14 | Build | Farm |
| 19:32 | Build | Stable |
| 19:36 | Create | Villager (Male) |
| 19:39 | Build | Farm |
| 19:41 | Build | Farm |
| 19:43 | Research | Heavy Plow |
| 19:44 | Create | Villager (Male) |
| 19:57 | Create | Villager (Male) |
| 20:02 | Create | Villager (Male) |
| 20:14 | Create | Villager (Male) |
| 20:24 | Build | Farm |
| 20:27 | Build | Farm |
| 20:29 | Build | Farm |
| 20:30 | Create | Villager (Male) |
| 20:45 | Create | Villager (Male) |
| 20:49 | Create | Villager (Male) |
| 21:00 | Build | Farm |
| 21:05 | Build | Farm |
| 21:06 | Create | Villager (Male) |
| 21:09 | Build | Farm |
| 21:11 | Build | Farm |
| 21:12 | Create | Villager (Male) |
| 21:14 | Build | Farm |
| 21:16 | Create | Villager (Male) |
| 21:19 | Build | Farm |
| 21:25 | Create | Villager (Male) |
| 21:28 | Create | Villager (Male) |
| 21:35 | Build | Farm |
| 21:37 | Create | Villager (Male) |
| 21:40 | Build | Farm |
| 21:50 | Build | Farm |
| 21:51 | Create | Villager (Male) |
| 21:57 | Create | Villager (Male) |
| 22:00 | Build | Farm |
| 22:05 | Build | Farm |
| 22:07 | Create | Villager (Male) |
| 22:10 | Build | Farm |
| 22:17 | Build | Siege Workshop |
| 22:18 | Create | Villager (Male) |
| 22:24 | Build | House |
| 22:28 | Research | Town Watch |
| 22:45 | Build | Farm |
| 22:47 | Build | Farm |
| 22:49 | Research | Hand Cart |
| 22:50 | Create | Villager (Male) |
| 22:57 | Create | Villager (Male) |
| 23:00 | Build | Farm |
| 23:04 | Create | Villager (Male) |
| 23:06 | Build | House |
| 23:12 | Build | House |
| 23:13 | Build | Farm |
| 23:15 | Create | Villager (Male) |
| 23:27 | Create | Villager (Male) |
| 23:31 | Build | Farm |
| 23:34 | Build | Farm |
| 23:35 | Create | Villager (Male) |
| 23:44 | Build | House |
| 23:45 | Research | Town Patrol |
| 23:46 | Create | Villager (Male) |
| 23:51 | Build | Farm |
| 23:54 | Build | Farm |
| 23:55 | Create | Villager (Male) |
| 24:07 | Create | Villager (Male) |
| 24:11 | Build | Farm |
| 24:14 | Create | Villager (Male) |
| 24:22 | Build | Farm |
| 24:25 | Create | Villager (Male) |
| 24:36 | Build | Farm |
Build order — The beast
First 150 of 181 actions detected
| 0:02 | Create | Villager (Male) |
| 0:02 | Create | Villager (Male) |
| 0:02 | Create | Villager (Male) |
| 0:02 | Create | Villager (Male) |
| 0:03 | Build | House |
| 0:04 | Build | House |
| 1:32 | Create | Villager (Male) |
| 1:53 | Create | Villager (Male) |
| 2:00 | Build | Lumber Camp |
| 2:34 | Create | Villager (Male) |
| 2:35 | Create | Villager (Male) |
| 3:14 | Create | Villager (Male) |
| 3:35 | Create | Villager (Male) |
| 3:46 | Build | House |
| 4:07 | Create | Villager (Male) |
| 4:31 | Build | House |
| 4:37 | Create | Villager (Male) |
| 4:37 | Create | Villager (Male) |
| 4:39 | Create | Villager (Male) |
| 4:59 | Build | Palisade Wall |
| 5:01 | Build | Palisade Gate |
| 5:21 | Build | House |
| 5:25 | Create | Villager (Male) |
| 5:32 | Create | Villager (Male) |
| 5:32 | Create | Villager (Male) |
| 5:42 | Build | Palisade Wall |
| 5:55 | Create | Villager (Male) |
| 5:55 | Create | Villager (Male) |
| 6:14 | Build | Palisade Wall |
| 6:53 | Create | Villager (Male) |
| 6:54 | Create | Villager (Male) |
| 7:00 | Create | Villager (Male) |
| 7:11 | Create | Villager (Male) |
| 7:11 | Create | Villager (Male) |
| 7:12 | Create | Villager (Male) |
| 7:22 | Create | Villager (Male) |
| 7:33 | Create | Villager (Male) |
| 7:33 | Create | Villager (Male) |
| 8:10 | Create | Villager (Male) |
| 8:13 | Create | Villager (Male) |
| 8:13 | Create | Villager (Male) |
| 8:16 | Create | Villager (Male) |
| 8:22 | Build | Mill |
| 8:34 | Create | Villager (Male) |
| 8:55 | Create | Villager (Male) |
| 9:11 | Build | Farm |
| 9:12 | Build | Farm |
| 9:12 | Build | Farm |
| 9:15 | Build | Farm |
| 9:35 | Build | Farm |
| 9:37 | Build | Farm |
| 9:52 | Create | Villager (Male) |
| 10:04 | Research | Feudal Age |
| 10:04 | Create | Villager (Male) |
| 10:35 | Create | Villager (Male) |
| 10:42 | Build | Mining Camp |
| 10:43 | Create | Villager (Male) |
| 11:15 | Create | Villager (Male) |
| 11:28 | Create | Villager (Male) |
| 11:28 | Create | Villager (Male) |
| 11:42 | Create | Villager (Male) |
| 11:56 | Create | Villager (Male) |
| 12:14 | Age | Feudal Age |
| 12:17 | Build | Market |
| 12:23 | Build | Blacksmith |
| 12:55 | Build | House |
| 13:09 | Create | Villager (Male) |
| 13:11 | Build | House |
| 13:21 | Create | Villager (Male) |
| 13:38 | Research | Castle Age |
| 13:40 | Research | Gold Mining |
| 13:43 | Research | Double-Bit Axe |
| 13:48 | Build | House |
| 14:31 | Create | Villager (Male) |
| 14:33 | Build | House |
| 15:00 | Research | Loom |
| 15:07 | Create | Villager (Male) |
| 15:34 | Create | Villager (Male) |
| 15:34 | Create | Villager (Male) |
| 15:40 | Research | Loom |
| 15:50 | Build | Farm |
| 15:50 | Build | Farm |
| 15:53 | Create | Villager (Male) |
| 16:09 | Build | Farm |
| 16:10 | Build | Farm |
| 16:16 | Create | Villager (Male) |
| 16:21 | Age | Castle Age |
| 17:21 | Build | Siege Workshop |
| 17:27 | Build | Monastery |
| 17:34 | Create | Villager (Male) |
| 17:51 | Create | Villager (Male) |
| 18:17 | Research | Imperial Age |
| 18:23 | Create | Monk |
| 18:30 | Create | Villager (Male) |
| 18:31 | Build | Farm |
| 18:52 | Research | Horse Collar |
| 19:00 | Build | Farm |
| 19:19 | Build | Barracks |
| 19:59 | Create | Villager (Male) |
| 20:04 | Build | Archery Range |
| 20:49 | Build | Archery Range |
| 20:52 | Build | House |
| 21:15 | Create | Villager (Male) |
| 21:19 | Build | Archery Range |
| 21:27 | Age | Imperial Age |
| 21:30 | Create | Hand Cannoneer |
| 21:30 | Create | Hand Cannoneer |
| 21:30 | Create | Hand Cannoneer |
| 21:44 | Create | Villager (Male) |
| 21:45 | Create | Hand Cannoneer |
| 21:45 | Create | Hand Cannoneer |
| 21:45 | Create | Hand Cannoneer |
| 22:08 | Create | Hand Cannoneer |
| 22:08 | Create | Hand Cannoneer |
| 22:14 | Create | Hand Cannoneer |
| 22:15 | Create | Hand Cannoneer |
| 22:31 | Create | Bombard Cannon |
| 22:31 | Create | Bombard Cannon |
| 22:50 | Create | Bombard Cannon |
| 22:51 | Create | Villager (Male) |
| 23:07 | Build | Palisade Wall |
| 23:11 | Create | Villager (Male) |
| 23:22 | Create | Villager (Male) |
| 23:52 | Create | Villager (Male) |
| 24:07 | Create | Bombard Cannon |
| 24:30 | Build | House |
| 24:32 | Build | House |
| 24:33 | Create | Hand Cannoneer |
| 24:45 | Create | Villager (Male) |
| 24:47 | Build | House |
| 24:49 | Build | House |
| 25:01 | Create | Hand Cannoneer |
| 25:01 | Create | Hand Cannoneer |
| 25:07 | Create | Hand Cannoneer |
| 25:17 | Research | Padded Archer Armor |
| 25:22 | Build | Archery Range |
| 25:25 | Create | Hand Cannoneer |
| 25:25 | Create | Hand Cannoneer |
| 25:32 | Research | Town Watch |
| 25:33 | Create | Villager (Male) |
| 25:35 | Build | House |
| 25:35 | Build | House |
| 25:37 | Build | Lumber Camp |
| 25:38 | Build | Lumber Camp |
| 25:52 | Create | Hand Cannoneer |
| 25:52 | Create | Hand Cannoneer |
| 25:57 | Create | Hand Cannoneer |
| 26:22 | Create | Hand Cannoneer |
| 26:31 | Create | Hand Cannoneer |
| 26:51 | Build | Farm |
Build order — el_fan_de_wanda
133 actions detected in the replay
| 0:02 | Build | House |
| 0:05 | Build | House |
| 0:06 | Create | Villager (Male) |
| 0:06 | Create | Villager (Male) |
| 0:06 | Create | Villager (Male) |
| 0:07 | Create | Villager (Male) |
| 0:07 | Create | Villager (Male) |
| 1:42 | Create | Villager (Male) |
| 1:54 | Create | Villager (Male) |
| 2:41 | Build | House |
| 2:43 | Build | House |
| 2:51 | Build | Lumber Camp |
| 2:53 | Create | Villager (Male) |
| 2:54 | Create | Villager (Male) |
| 2:54 | Create | Villager (Male) |
| 4:15 | Create | Villager (Male) |
| 4:16 | Create | Villager (Male) |
| 4:16 | Create | Villager (Male) |
| 4:16 | Create | Villager (Male) |
| 5:18 | Create | Villager (Male) |
| 5:22 | Create | Villager (Male) |
| 5:22 | Create | Villager (Male) |
| 5:22 | Create | Villager (Male) |
| 6:16 | Create | Villager (Male) |
| 6:17 | Create | Villager (Male) |
| 6:28 | Build | Mill |
| 6:32 | Create | Villager (Male) |
| 8:09 | Research | Feudal Age |
| 9:00 | Build | Mining Camp |
| 10:01 | Build | Barracks |
| 10:35 | Age | Feudal Age |
| 10:40 | Create | Villager (Male) |
| 10:40 | Create | Villager (Male) |
| 10:41 | Create | Villager (Male) |
| 10:56 | Build | Mining Camp |
| 11:19 | Research | Double-Bit Axe |
| 11:22 | Research | Horse Collar |
| 11:28 | Create | Villager (Male) |
| 11:29 | Create | Villager (Male) |
| 12:01 | Create | Spearman |
| 12:27 | Build | Mill |
| 12:39 | Build | Farm |
| 12:45 | Build | Farm |
| 13:18 | Build | Lumber Camp |
| 13:36 | Build | Outpost |
| 13:37 | Build | Outpost |
| 13:39 | Build | Outpost |
| 13:50 | Create | Villager (Male) |
| 13:50 | Create | Villager (Male) |
| 13:55 | Research | Loom |
| 13:58 | Create | Villager (Male) |
| 13:59 | Create | Villager (Male) |
| 14:15 | Research | Wheelbarrow |
| 14:24 | Build | Farm |
| 14:43 | Build | Farm |
| 15:03 | Build | Farm |
| 15:06 | Create | Villager (Male) |
| 15:33 | Build | Outpost |
| 15:43 | Build | Farm |
| 16:19 | Create | Spearman |
| 16:45 | Build | Farm |
| 16:46 | Build | Farm |
| 16:47 | Build | Farm |
| 16:53 | Create | Villager (Male) |
| 17:23 | Build | Farm |
| 17:23 | Build | Farm |
| 17:24 | Build | Farm |
| 17:38 | Build | Blacksmith |
| 17:46 | Build | Market |
| 17:58 | Create | Villager (Male) |
| 18:26 | Research | Forging |
| 18:31 | Research | Castle Age |
| 18:44 | Build | Farm |
| 18:51 | Build | Farm |
| 19:17 | Build | Mining Camp |
| 19:35 | Build | Stable |
| 19:37 | Build | Stable |
| 19:50 | Research | Scale Mail Armor |
| 19:51 | Research | Scale Barding Armor |
| 20:20 | Create | Spearman |
| 20:21 | Create | Spearman |
| 20:37 | Create | Spearman |
| 20:47 | Build | House |
| 20:49 | Build | House |
| 21:11 | Age | Castle Age |
| 21:20 | Build | Castle |
| 22:15 | Build | Town Center |
| 22:20 | Create | Villager (Male) |
| 22:20 | Create | Villager (Male) |
| 22:21 | Create | Villager (Male) |
| 22:31 | Research | Szlachta Privileges |
| 22:55 | Research | Husbandry |
| 23:19 | Build | Siege Workshop |
| 23:28 | Create | Knight ×4 |
| 23:28 | Create | Knight ×4 |
| 23:35 | Build | Stable |
| 23:54 | Research | Bloodlines |
| 24:00 | Create | Villager (Male) |
| 24:16 | Create | Battering Ram |
| 24:17 | Create | Battering Ram |
| 24:36 | Build | Farm |
| 24:57 | Build | Mill |
| 25:02 | Build | Farm |
| 25:02 | Build | Farm |
| 25:02 | Build | Farm |
| 25:03 | Build | Farm |
| 25:03 | Build | Farm |
| 25:03 | Build | Farm |
| 25:03 | Build | Farm |
| 25:38 | Create | Knight |
| 25:38 | Create | Knight |
| 25:38 | Create | Knight |
| 25:39 | Create | Knight |
| 25:39 | Create | Knight |
| 26:07 | Research | Fletching |
| 26:13 | Create | Villager (Male) |
| 26:13 | Create | Villager (Male) |
| 26:59 | Create | Knight |
| 26:59 | Create | Knight |
| 27:02 | Build | Stable |
| 27:14 | Create | Obuch |
| 28:31 | Create | Villager (Male) |
| 28:32 | Create | Villager (Male) |
| 28:38 | Research | Heavy Plow |
| 28:42 | Research | Bow Saw |
| 28:49 | Create | Knight ×5 |
| 28:54 | Build | Mining Camp |
| 29:07 | Build | Farm |
| 29:07 | Build | Farm |
| 29:07 | Build | Farm |
| 29:07 | Build | Farm |
| 29:42 | Create | Villager (Male) |
| 29:43 | Create | Villager (Male) |
Build order — jhon29
First 150 of 200 actions detected
| 0:02 | Create | Villager (Male) ×4 |
| 0:08 | Build | House |
| 0:29 | Build | House |
| 0:30 | Build | House |
| 0:32 | Build | House |
| 0:48 | Research | Loom |
| 1:35 | Create | Villager (Male) |
| 2:05 | Create | Villager (Male) |
| 2:11 | Build | Lumber Camp |
| 2:39 | Create | Villager (Male) |
| 3:05 | Create | Villager (Male) |
| 3:25 | Create | Villager (Male) |
| 3:41 | Create | Villager (Male) |
| 4:23 | Create | Villager (Male) |
| 4:50 | Create | Villager (Male) |
| 5:08 | Create | Villager (Male) |
| 5:22 | Build | Mill |
| 5:34 | Create | Villager (Male) |
| 5:51 | Create | Villager (Male) |
| 6:19 | Create | Villager (Male) |
| 6:53 | Create | Villager (Male) |
| 7:14 | Create | Villager (Male) |
| 7:35 | Create | Villager (Male) |
| 8:00 | Create | Villager (Male) |
| 8:03 | Build | House |
| 8:16 | Create | Villager (Male) |
| 8:45 | Create | Villager (Male) |
| 9:24 | Create | Villager (Male) |
| 9:30 | Build | Mining Camp |
| 9:42 | Create | Villager (Male) |
| 9:46 | Build | House |
| 9:51 | Build | Barracks |
| 9:52 | Research | Feudal Age |
| 10:14 | Build | House |
| 11:00 | Create | Villager (Male) |
| 11:57 | Build | Farm |
| 12:28 | Build | Farm |
| 12:38 | Age | Feudal Age |
| 12:46 | Build | Market |
| 12:51 | Build | Blacksmith |
| 12:54 | Create | Spearman |
| 13:00 | Build | Farm |
| 13:01 | Build | Farm |
| 13:03 | Build | Farm |
| 13:05 | Build | Farm |
| 13:07 | Create | Villager (Male) |
| 13:08 | Create | Villager (Male) |
| 13:20 | Create | Spearman |
| 13:37 | Research | Horse Collar |
| 13:38 | Research | Double-Bit Axe |
| 13:42 | Build | Farm |
| 13:47 | Build | Farm |
| 13:52 | Build | Farm |
| 13:56 | Build | Farm |
| 13:57 | Create | Villager (Male) |
| 14:15 | Create | Villager (Male) |
| 14:35 | Build | Farm |
| 14:44 | Create | Villager (Male) |
| 14:48 | Build | House |
| 15:00 | Build | Stable |
| 15:04 | Build | Mining Camp |
| 15:05 | Create | Villager (Male) |
| 15:34 | Create | Villager (Male) |
| 15:40 | Build | Farm |
| 15:43 | Build | Farm |
| 15:50 | Create | Villager (Male) |
| 16:02 | Create | Villager (Male) |
| 16:05 | Build | Farm |
| 16:12 | Build | Farm |
| 16:25 | Build | Farm |
| 16:30 | Research | Castle Age |
| 17:14 | Create | Villager (Male) |
| 17:30 | Research | Stone Mining |
| 17:42 | Research | Scale Barding Armor |
| 17:45 | Research | Bloodlines |
| 17:53 | Build | Farm |
| 18:00 | Build | Farm |
| 18:02 | Build | Farm |
| 18:13 | Create | Spearman |
| 18:32 | Create | Villager (Male) |
| 18:38 | Build | Farm |
| 18:43 | Build | Farm |
| 19:32 | Age | Castle Age |
| 19:34 | Create | Knight |
| 19:34 | Create | Knight |
| 19:41 | Create | Villager (Male) |
| 19:42 | Create | Villager (Male) |
| 20:02 | Create | Knight |
| 20:19 | Build | Castle |
| 20:27 | Create | Villager (Male) |
| 20:30 | Build | House |
| 20:33 | Build | House |
| 20:48 | Build | Stone Wall |
| 20:53 | Build | Stone Wall |
| 21:00 | Build | Stone Wall |
| 21:07 | Build | Stone Wall |
| 21:11 | Build | Stone Wall |
| 21:16 | Build | Stone Wall |
| 21:21 | Create | Villager (Male) |
| 21:25 | Build | House |
| 21:27 | Build | House |
| 21:29 | Build | House |
| 21:50 | Research | Husbandry |
| 21:57 | Create | Gbeto |
| 22:07 | Build | Mining Camp |
| 22:08 | Create | Villager (Male) |
| 22:15 | Research | Bow Saw |
| 22:24 | Build | Siege Workshop |
| 22:29 | Create | Villager (Male) |
| 22:37 | Build | University |
| 22:39 | Create | Villager (Male) |
| 22:50 | Create | Battering Ram |
| 23:04 | Create | Villager (Male) |
| 23:14 | Build | Farm |
| 23:39 | Create | Villager (Male) |
| 23:42 | Create | Battering Ram |
| 23:56 | Create | Gbeto |
| 23:56 | Create | Gbeto |
| 23:57 | Create | Villager (Male) |
| 23:58 | Create | Villager (Male) |
| 23:58 | Create | Villager (Male) |
| 24:30 | Build | Town Center |
| 24:40 | Create | Gbeto |
| 24:41 | Create | Gbeto |
| 24:46 | Create | Villager (Male) |
| 24:54 | Create | Knight |
| 24:56 | Create | Villager (Male) |
| 24:56 | Create | Villager (Male) |
| 25:05 | Create | Villager (Male) |
| 25:05 | Create | Villager (Male) |
| 25:16 | Create | Villager (Male) |
| 25:19 | Create | Knight |
| 25:29 | Create | Gbeto |
| 25:30 | Create | Gbeto |
| 25:35 | Research | Fletching |
| 25:39 | Create | Villager (Male) |
| 25:40 | Create | Villager (Male) |
| 25:40 | Create | Villager (Male) |
| 25:56 | Build | Farm |
| 26:07 | Create | Knight |
| 26:20 | Create | Gbeto |
| 26:21 | Create | Gbeto |
| 26:33 | Create | Gbeto |
| 26:34 | Create | Villager (Male) |
| 26:34 | Create | Villager (Male) |
| 26:36 | Research | Wheelbarrow |
| 26:57 | Create | Battering Ram |
| 27:08 | Create | Villager (Male) |
| 27:10 | Build | Farm |
| 27:12 | Create | Villager (Male) |
Build order — BUFANDA DE RICOTTA
First 150 of 156 actions detected
| 0:01 | Create | Villager (Male) |
| 0:02 | Build | House |
| 0:03 | Build | House |
| 0:12 | Create | Villager (Male) |
| 0:12 | Create | Villager (Male) |
| 0:19 | Create | Villager (Male) |
| 1:24 | Create | Villager (Male) |
| 1:48 | Create | Villager (Male) |
| 2:03 | Build | Lumber Camp |
| 2:30 | Create | Villager (Male) |
| 2:50 | Create | Villager (Male) |
| 2:56 | Create | Villager (Male) |
| 3:08 | Build | House |
| 3:10 | Build | House |
| 3:16 | Build | House |
| 3:20 | Create | Villager (Male) |
| 4:00 | Create | Villager (Male) |
| 4:28 | Build | Palisade Gate |
| 4:33 | Build | Palisade Wall |
| 4:35 | Build | Palisade Wall |
| 4:38 | Create | Villager (Male) |
| 4:42 | Create | Villager (Male) |
| 5:28 | Build | Palisade Wall |
| 5:36 | Build | Palisade Wall |
| 5:45 | Create | Villager (Male) |
| 5:46 | Create | Villager (Male) |
| 6:14 | Build | Mill |
| 6:19 | Create | Villager (Male) |
| 6:51 | Create | Villager (Male) |
| 6:51 | Create | Villager (Male) |
| 7:27 | Create | Villager (Male) |
| 7:38 | Build | Lumber Camp |
| 7:57 | Create | Villager (Male) |
| 7:59 | Create | Villager (Male) |
| 9:04 | Create | Villager (Male) |
| 9:11 | Create | Villager (Male) |
| 9:51 | Create | Villager (Male) |
| 9:52 | Create | Villager (Male) |
| 9:59 | Research | Loom |
| 10:02 | Build | Mining Camp |
| 10:11 | Research | Feudal Age |
| 10:45 | Build | Farm |
| 10:45 | Build | Farm |
| 10:46 | Build | Farm |
| 10:46 | Build | Farm |
| 10:57 | Build | Farm |
| 12:55 | Age | Feudal Age |
| 12:57 | Build | Market |
| 12:58 | Build | Blacksmith |
| 13:04 | Research | Double-Bit Axe |
| 13:07 | Create | Villager (Male) |
| 13:48 | Research | Castle Age |
| 13:55 | Research | Horse Collar |
| 13:59 | Build | Farm |
| 14:00 | Build | Farm |
| 15:06 | Build | Farm |
| 15:06 | Build | Farm |
| 15:06 | Build | Farm |
| 15:07 | Build | Farm |
| 15:07 | Build | Farm |
| 15:07 | Build | Farm |
| 15:07 | Build | Farm |
| 15:11 | Build | Farm |
| 15:12 | Build | Farm |
| 15:13 | Create | Villager (Male) |
| 15:14 | Create | Villager (Male) |
| 16:00 | Build | Farm |
| 16:28 | Age | Castle Age |
| 16:29 | Build | Monastery |
| 16:46 | Build | Farm |
| 16:46 | Build | Farm |
| 16:59 | Build | House |
| 17:03 | Build | House |
| 17:06 | Create | Villager (Male) |
| 17:25 | Create | Monk |
| 17:49 | Build | House |
| 17:56 | Build | Siege Workshop |
| 18:00 | Create | Villager (Male) |
| 18:14 | Create | Villager (Male) |
| 19:07 | Build | Barracks |
| 19:21 | Research | Imperial Age |
| 19:53 | Create | Monk |
| 20:15 | Build | Archery Range |
| 20:20 | Research | Bow Saw |
| 20:58 | Build | Archery Range |
| 21:05 | Create | Villager (Male) |
| 21:05 | Create | Villager (Male) |
| 21:29 | Build | Lumber Camp |
| 21:35 | Research | Padded Archer Armor |
| 22:31 | Age | Imperial Age |
| 22:32 | Create | Bombard Cannon |
| 22:34 | Create | Hand Cannoneer |
| 22:35 | Create | Hand Cannoneer |
| 22:37 | Create | Hand Cannoneer |
| 22:37 | Create | Hand Cannoneer |
| 22:43 | Research | Wheelbarrow |
| 22:52 | Build | Farm |
| 22:53 | Build | Farm |
| 23:04 | Create | Hand Cannoneer |
| 23:04 | Create | Hand Cannoneer |
| 23:09 | Research | Leather Archer Armor |
| 23:49 | Create | Hand Cannoneer |
| 23:49 | Create | Hand Cannoneer |
| 23:50 | Create | Villager (Male) |
| 23:54 | Create | Villager (Male) |
| 24:00 | Build | House |
| 24:01 | Build | House |
| 24:05 | Create | Bombard Cannon |
| 24:46 | Create | Hand Cannoneer |
| 24:47 | Create | Hand Cannoneer |
| 24:52 | Create | Bombard Cannon |
| 25:38 | Create | Hand Cannoneer |
| 25:38 | Create | Hand Cannoneer |
| 25:38 | Create | Hand Cannoneer |
| 25:39 | Create | Hand Cannoneer |
| 25:48 | Create | Villager (Male) |
| 25:48 | Create | Villager (Male) |
| 25:49 | Create | Villager (Male) |
| 26:19 | Build | House |
| 26:20 | Build | House |
| 26:23 | Research | Hand Cart |
| 26:25 | Create | Hand Cannoneer |
| 26:26 | Create | Hand Cannoneer |
| 26:26 | Create | Hand Cannoneer |
| 26:26 | Create | Hand Cannoneer |
| 27:29 | Create | Hand Cannoneer |
| 27:29 | Create | Hand Cannoneer |
| 27:29 | Create | Hand Cannoneer |
| 27:30 | Create | Hand Cannoneer |
| 27:30 | Create | Villager (Male) |
| 27:30 | Create | Villager (Male) |
| 27:31 | Create | Villager (Male) |
| 27:33 | Create | Battering Ram |
| 27:39 | Create | Bombard Cannon |
| 28:11 | Create | Hand Cannoneer |
| 28:11 | Create | Hand Cannoneer |
| 28:14 | Build | House |
| 28:14 | Build | House |
| 28:15 | Build | House |
| 28:15 | Build | House |
| 28:18 | Build | Lumber Camp |
| 28:21 | Create | Villager (Male) |
| 28:22 | Create | Villager (Male) |
| 28:23 | Research | Town Watch |
| 30:18 | Create | Hand Cannoneer |
| 30:18 | Create | Hand Cannoneer |
| 30:18 | Create | Hand Cannoneer |
| 30:19 | Create | Hand Cannoneer |
| 30:19 | Create | Bombard Cannon |
| 30:20 | Create | Bombard Cannon |
Build order — whiteglow
144 actions detected in the replay
| 0:01 | Create | Villager (Male) |
| 0:02 | Create | Villager (Male) |
| 0:02 | Create | Villager (Male) |
| 0:04 | Build | House |
| 0:06 | Build | House |
| 1:17 | Create | Villager (Male) |
| 1:17 | Create | Villager (Male) |
| 1:23 | Build | Lumber Camp |
| 1:28 | Create | Villager (Male) |
| 1:28 | Create | Villager (Male) |
| 1:28 | Create | Villager (Male) |
| 1:55 | Create | Villager (Male) |
| 1:56 | Create | Villager (Male) |
| 2:29 | Create | Villager (Male) |
| 2:30 | Create | Villager (Male) |
| 3:03 | Create | Villager (Male) |
| 3:03 | Create | Villager (Male) |
| 3:39 | Create | Villager (Male) |
| 3:39 | Create | Villager (Male) |
| 3:40 | Create | Villager (Male) |
| 3:50 | Build | House |
| 3:51 | Build | House |
| 4:12 | Create | Villager (Male) |
| 4:12 | Create | Villager (Male) |
| 4:51 | Build | Mill |
| 5:07 | Create | Villager (Male) |
| 5:09 | Create | Villager (Male) |
| 5:54 | Create | Villager (Male) |
| 6:03 | Create | Villager (Male) |
| 6:03 | Create | Villager (Male) |
| 6:45 | Create | Villager (Male) |
| 6:58 | Create | Villager (Male) |
| 7:01 | Create | Villager (Male) |
| 7:21 | Create | Villager (Male) |
| 7:43 | Create | Villager (Male) |
| 8:01 | Build | House |
| 8:02 | Build | House |
| 8:39 | Research | Feudal Age |
| 8:48 | Build | Mining Camp |
| 9:08 | Build | Mill |
| 9:17 | Create | Villager (Male) |
| 9:36 | Build | Farm |
| 9:43 | Build | Farm |
| 9:58 | Create | Villager (Male) |
| 11:02 | Age | Feudal Age |
| 11:11 | Build | Blacksmith |
| 11:14 | Build | Market |
| 11:31 | Create | Villager (Male) |
| 11:41 | Create | Villager (Male) |
| 11:52 | Build | Farm |
| 12:01 | Build | Farm |
| 12:04 | Build | Farm |
| 12:09 | Create | Villager (Male) |
| 12:23 | Build | House |
| 12:25 | Build | House |
| 12:27 | Build | House |
| 12:28 | Build | House |
| 12:51 | Build | Mining Camp |
| 12:59 | Create | Villager (Male) |
| 13:11 | Build | House |
| 13:12 | Build | House |
| 13:26 | Build | House |
| 13:45 | Create | Villager (Male) |
| 14:10 | Research | Castle Age |
| 14:13 | Research | Loom |
| 14:35 | Build | Barracks |
| 14:41 | Research | Gold Mining |
| 14:41 | Research | Stone Mining |
| 14:56 | Build | Farm |
| 15:27 | Build | House |
| 15:36 | Build | Farm |
| 15:45 | Build | Farm |
| 15:49 | Build | Stable |
| 15:56 | Research | Double-Bit Axe |
| 16:39 | Build | Lumber Camp |
| 16:44 | Research | Horse Collar |
| 16:50 | Age | Castle Age |
| 16:52 | Create | Scout Cavalry |
| 17:07 | Create | Villager (Male) |
| 17:09 | Research | Wheelbarrow |
| 17:13 | Create | Villager (Male) |
| 17:31 | Build | House |
| 17:32 | Build | House |
| 17:41 | Research | Stone Mining |
| 17:44 | Create | Villager (Male) |
| 18:14 | Create | Scout Cavalry |
| 18:29 | Create | Scout Cavalry |
| 18:44 | Build | Mill |
| 18:46 | Build | Farm |
| 18:46 | Build | Farm |
| 18:47 | Build | Farm |
| 18:47 | Build | Farm |
| 19:03 | Create | Spearman |
| 19:05 | Research | Gambesons |
| 19:29 | Create | Villager (Male) |
| 19:40 | Create | Villager (Male) |
| 19:55 | Build | Castle |
| 20:06 | Build | Castle |
| 20:23 | Create | Scout Cavalry |
| 20:35 | Create | Villager (Male) |
| 20:40 | Build | Mill |
| 20:41 | Build | Farm |
| 20:41 | Build | Farm |
| 20:42 | Build | Farm |
| 20:42 | Build | Farm |
| 20:42 | Build | Farm |
| 21:06 | Build | Mining Camp |
| 21:19 | Create | Spearman |
| 21:20 | Create | Spearman |
| 21:22 | Create | Villager (Male) |
| 21:23 | Create | Villager (Male) |
| 21:23 | Create | Villager (Male) |
| 21:28 | Build | Farm |
| 21:29 | Build | Farm |
| 21:46 | Build | Mining Camp |
| 21:59 | Create | Villager (Male) |
| 22:00 | Create | Villager (Male) |
| 22:22 | Create | Villager (Male) |
| 22:38 | Build | House |
| 22:39 | Build | House |
| 22:45 | Create | Villager (Male) |
| 23:11 | Build | Lumber Camp |
| 23:17 | Create | Villager (Male) |
| 23:53 | Create | Villager (Male) |
| 23:55 | Create | Villager (Male) |
| 24:07 | Build | Town Center |
| 24:12 | Create | Villager (Male) |
| 24:15 | Create | Scout Cavalry |
| 24:21 | Research | Husbandry |
| 24:31 | Create | Villager (Male) |
| 24:33 | Create | Villager (Male) |
| 24:41 | Build | Mill |
| 24:42 | Build | Farm |
| 24:42 | Build | Farm |
| 24:42 | Build | Farm |
| 24:43 | Build | Farm |
| 26:07 | Research | Imperial Age |
| 27:14 | Build | Town Center |
| 27:53 | Build | Farm |
| 27:53 | Build | Farm |
| 27:53 | Build | Farm |
| 27:54 | Build | Farm |
| 27:54 | Build | Farm |
| 29:17 | Age | Imperial Age |
Match timeline
| 4:33 | BUFANDA DE RICOTTA · wall_segment Palisade Wall x5 |
| 4:35 | BUFANDA DE RICOTTA · wall_segment Palisade Wall x10 |
| 4:59 | The beast · wall_segment Palisade Wall x1 |
| 5:28 | BUFANDA DE RICOTTA · wall_segment Palisade Wall x4 |
| 5:36 | BUFANDA DE RICOTTA · wall_segment Palisade Wall x1 |
| 5:42 | The beast · wall_segment Palisade Wall x8 |
| 6:14 | The beast · wall_segment Palisade Wall x3 |
| 9:51 | jhon29 · first_building Barracks |
| 10:01 | el_fan_de_wanda · first_building Barracks |
| 10:35 | el_fan_de_wanda · age_up feudal |
| 11:02 | whiteglow · age_up feudal |
| 11:38 | El_Cacas · age_up feudal |
| 12:14 | The beast · age_up feudal |
| 12:38 | jhon29 · age_up feudal |
| 12:55 | BUFANDA DE RICOTTA · age_up feudal |
| 13:07 | El_Cacas · first_market_sell 100 wood |
| 14:35 | whiteglow · first_building Barracks |
| 15:00 | jhon29 · first_building Stable |
| 15:31 | BUFANDA DE RICOTTA · first_market_sell 100 stone |
| 15:36 | El_Cacas · first_building Barracks |
| 15:49 | whiteglow · first_building Stable |
| 15:49 | El_Cacas · age_up castle |
| 16:21 | The beast · age_up castle |
| 16:28 | BUFANDA DE RICOTTA · age_up castle |
| 16:29 | BUFANDA DE RICOTTA · first_building Monastery |
| 16:50 | whiteglow · age_up castle |
| 16:52 | The beast · first_market_sell 100 stone |
| 17:21 | The beast · first_building Siege Workshop |
| 17:27 | The beast · first_building Monastery |
| 17:56 | BUFANDA DE RICOTTA · first_building Siege Workshop |
| 17:58 | The beast · first_market_buy 100 food |
| 19:07 | BUFANDA DE RICOTTA · first_building Barracks |
| 19:18 | jhon29 · first_market_buy 100 stone |
| 19:19 | The beast · first_building Barracks |
| 19:23 | jhon29 · first_market_sell 100 wood |
| 19:32 | jhon29 · age_up castle |
| 19:32 | El_Cacas · first_building Stable |
| 19:35 | el_fan_de_wanda · first_building Stable |
| 19:55 | whiteglow · first_building Castle |
| 20:04 | The beast · first_building Archery Range |
| 20:15 | BUFANDA DE RICOTTA · first_building Archery Range |
| 20:19 | jhon29 · first_building Castle |
| 20:48 | jhon29 · wall_segment Stone Wall x1 |
| 20:51 | whiteglow · first_market_buy 100 wood |
| 20:52 | whiteglow · first_market_sell 100 food |
| 20:53 | jhon29 · wall_segment Stone Wall x1 |
| 21:00 | jhon29 · wall_segment Stone Wall x1 |
| 21:07 | jhon29 · wall_segment Stone Wall x1 |
| 21:11 | el_fan_de_wanda · age_up castle |
| 21:11 | jhon29 · wall_segment Stone Wall x1 |
| 21:16 | jhon29 · wall_segment Stone Wall x1 |
| 21:20 | el_fan_de_wanda · first_building Castle |
| 21:27 | The beast · age_up imperial |
| 21:47 | BUFANDA DE RICOTTA · first_market_buy 100 wood |
| 22:17 | El_Cacas · first_building Siege Workshop |
| 22:24 | jhon29 · first_building Siege Workshop |
| 22:31 | BUFANDA DE RICOTTA · age_up imperial |
| 23:07 | The beast · wall_segment Palisade Wall x1 |
| 23:19 | el_fan_de_wanda · first_building Siege Workshop |
| 23:22 | El_Cacas · first_market_buy 100 food |
| 26:20 | El_Cacas · first_building Archery Range |
| 29:12 | El_Cacas · age_up imperial |
| 29:17 | whiteglow · age_up imperial |
| 29:52 | el_fan_de_wanda · resign |
[ AI ANALYSIS · 1 CREDIT ]
What really happened in this match?
Wolo.gg analyzes every decision: build order, eco, micro, common mistakes by bracket. Personalized analysis on WhatsApp or Discord in 30 seconds.
Civ guide
Turks
Map guide
Arena
Perfil
Jugador #2746533